 Dungeon Crawl Stone Soup version bcrawl-1.31.4 (webtiles) character file.

Game seed: 5113550125440224071

201662 Morbidden the Magician (level 7, 0/44 HPs)
             Began as a Skeleton Reaver on May 28, 2021.
             Was a Believer of Vehumet.
             Slain by a centaur
             ... wielding a cursed -3 shortbow
              (3 damage)
             ... on level 5 of the Dungeon.
             The game lasted 00:08:04 (4990 turns).

Morbidden the Magician (Skeleton Reaver)            Turns: 4990, Time: 00:08:05

Health: 0/44       AC:  8    Str: 22 (23) XL:     7   Next: 81%
Magic:  0/17       EV: 14    Int: 14      God:    Vehumet [**....]
Gold:   358        SH:  1    Dex: 14      Spells: 17/20 levels left

rFire    . . .     SeeInvis .   j - +1 falchion (vamp)
rCold    + . .     Gourm    .   (no shield)
rNeg     + + +     Faith    .   o - +4 leather armour of the Land of Plenty {rN+ rCorr}
rPois    ∞         Spirit   +   m - +0 helmet
rElec    .         Reflect  .   (no cloak)
rCorr    +         Harm     .   (no gloves)
MR       +....                  (no boots)
Stlth    ++........             (no amulet)
HPRegen  0.14/turn              l - +5 ring of strength
MPRegen  0.15/turn              q - +7 ring of dexterity

@: no status effects
A: no food or potions, cold resistance 1, deterioration 1, negative energy
resistance 3, powered by death 1, torment resistance, unbreathing, magic shield,
sturdy frame 1, spell healing
a: Renounce Religion


You were on level 5 of the Dungeon.
You worshipped Vehumet.
Vehumet was pleased with you.
You were not hungry.

You visited 1 branch of the dungeon, and saw 5 of its levels.

You collected 358 gold pieces.

Inventory:

Hand Weapons
 a - a +0 long sword
 j - a +1 vampiric falchion (weapon)
Missiles
 h - 385 stones (quivered)
Armour
 b - +0 steam dragon scales
 e - a +0 chain mail
 m - a +0 helmet (worn)
 o - the +4 leather armour of the Land of Plenty (worn) {rN+ rCorr}
   (You found it on level 4 of the Dungeon)

   It protects you from negative energy.
   It provides partial protection from all sources of acid and corrosion.
Jewellery
 l - a +5 ring of strength (left hand)
 q - a +7 ring of dexterity (right hand)
Wands
 p - a wand of paralysis (4)
 t - a wand of enslavement (10)
Scrolls
 c - 3 scrolls of immolation
 d - 3 scrolls of remove curse {unknown}
 f - 2 scrolls of enchant weapon {unknown}
 g - 2 scrolls of teleportation {unknown}
 i - 4 scrolls of identify
 k - a scroll of magic mapping {unknown}
 n - 2 scrolls of fog {unknown}
 r - a scroll of amnesia
 s - a scroll of blinking {unknown}


   Skills:
 * Level 4.7 Fighting
 * Level 6.0 Long Blades
 * Level 4.2 Dodging
 + Level 1.9 Stealth
 * Level 7.0 Spellcasting
 * Level 3.0 Conjurations
 + Level 1.9 Earth Magic


You had 17 spell levels left.
You knew the following spells:

 Your Spells              Type           Power        Failure   Level  Hunger
a - Sandblast             Erth           ##....       1%          1    N/A
b - Searing Ray           Conj           ##......     1%          2    N/A

Your spell library contained the following spells:

 Spells                   Type           Power        Failure   Level  Hunger
 Mephitic Cloud           Conj/Pois/Air  #.......     8%          3    N/A
 Iskenderun's Battlesphe  Conj/Chrm      #.......     47%         5    N/A

Dungeon Overview and Level Annotations

Branches:
Dungeon (5/12)
 Temple: D:4-7

Altars:
Cheibriados
Okawaru
Trog

Shops:
D:4 %


Innate Abilities, Weirdness & Mutations

You do not eat or drink.
You are immune to poison.
Your flesh is cold resistant. (rC+)
Your body sometimes deteriorates upon taking damage.
You are immune to negative energy. (rN+++)
You regenerate a little health from kills.
You are immune to unholy pain and torment.
You can survive without breathing.
When hurt, damage is shared between your health and your magic reserves.
Your movements are slightly less encumbered by armour. (ER -2)
Casting spells heals you.


Message History

* * * LOW HITPOINT WARNING * * *
Without enough magic to sustain it, your searing ray dissipates.
The centaur shoots an arrow.
The arrow barely misses you. The centaur closely misses you.
Unknown command.
Unknown command.
You can't drink.
Unknown command.
Casting: Searing Ray (safe; 1% risk of failure)
Confirm with . or Enter, or press ? or * to list all spells.
Aiming: Sandblast (safe; 1% risk of failure)
Press: ? - help, Shift-Dir - straight line, f/p - crimson imp
Aim: a crimson imp The blast of sand misses the centaur.
The blast of sand hits the crimson imp.
The crimson imp is lightly wounded.
h - 385 stones The centaur hits you with a cursed -3 shortbow.
* * * LOW HITPOINT WARNING * * *
The centaur hits you with a cursed -3 shortbow.
You die...

#.. ..... # #..#
. ... #.#...# #..
...
...<...#####...#
#.#
........#....#
#†###.#
..........#
#####.....#
.....#5###
#.....##### .(.
#c## #.....### .
#@.## ##.......##
##..###.....##..#
##..##.....###.#
##.!..##### #.#
###### ###.##
#..... #.....
#..... ######


You could see a centaur and a crimson imp.

Vanquished Creatures
  Eustachio (D:4)
  Edmund (D:4)
  An ogre (D:4)
  A phantom (D:4)
  4 crimson imps
  2 hounds
  An orc priest (D:3)
  A bullfrog skeleton (D:4)
  A centaur skeleton (D:4)
  A worker ant (D:4)
  A hound skeleton (D:4)
  3 gnolls (D:4)
  3 adders
  3 adder skeletons (D:4)
  3 worms
  5 dart slugs
  4 leopard geckos
  10 orcs
  6 bats
  4 giant cockroaches
  9 hobgoblins
  2 jackals (D:1)
  2 quokkas
  2 ball pythons
  5 frilled lizards
  6 goblins
  6 kobolds
  A quokka skeleton (D:4)
  3 rats
92 creatures vanquished.

Notes
Turn   | Place    | Note
-------+----------+-------------------------------------------
     0 | D:1      | Morbidden the Skeleton Reaver began the quest for the Orb.
     0 | D:1      | Reached XP level 1. HP: 14/14 MP: 4/4
   269 | D:1      | Reached XP level 2. HP: 19/19 MP: 6/6
   846 | D:1      | Reached XP level 3. HP: 23/23 MP: 7/7
  1109 | D:2      | Reached * piety under Vehumet
  1109 | D:2      | Offered knowledge of Sandblast by Vehumet.
  1115 | D:2      | Learned a level 1 spell: Sandblast
  1280 | D:2      | Found a faded altar of an unknown god.
  1811 | D:2      | Found an iron altar of Okawaru.
  2054 | D:3      | Reached XP level 4. HP: 29/29 MP: 3/9
  2237 | D:3      | Reached skill level 4 in Spellcasting
  2240 | D:3      | Reached ** piety under Vehumet
  2242 | D:3      | Offered knowledge of Searing Ray by Vehumet.
  2246 | D:3      | Learned a level 2 spell: Searing Ray
  2956 | D:3      | Found a snail-covered altar of Cheibriados.
  2960 | D:3      | Reached XP level 5. HP: 33/33 MP: 7/11
  3211 | D:4      | Got an ancient leather armour
  3222 | D:4      | Identified the +4 leather armour of the Land of Plenty {rN+
                  | rCorr} (You found it on level 4 of the Dungeon)
  3263 | D:4      | Reached skill level 1 in Conjurations
  3302 | D:4      | Noticed Eustachio
  3400 | D:4      | Reached skill level 5 in Long Blades
  3544 | D:4      | Found Dokujavo's Food Boutique.
  3591 | D:4      | Noticed a phantom
  3611 | D:4      | Killed a phantom
  3612 | D:4      | Reached skill level 5 in Spellcasting
  3612 | D:4      | Reached skill level 1 in Earth Magic
  3612 | D:4      | Gained mutation: You regenerate a little health from kills.
                  | [Skeleton growth]
  3612 | D:4      | Reached XP level 6. HP: 31/38 MP: 0/13
  3971 | D:4      | Killed Eustachio
  4155 | D:4      | Reached skill level 1 in Stealth
  4155 | D:4      | Reached skill level 6 in Spellcasting
  4215 | D:4      | Reached XP level 7. HP: 41/44 MP: 9/16
  4366 | D:4      | Offered knowledge of Mephitic Cloud by Vehumet.
  4506 | D:4      | Found a bloodstained altar of Trog.
  4801 | D:4      | Noticed Edmund
  4821 | D:4      | Killed Edmund
  4881 | D:5      | Entered Level 5 of the Dungeon
  4943 | D:5      | Reached skill level 7 in Spellcasting
  4990 | D:5      | Slain by a centaur

Skill      XL: |  1  2  3  4  5  6  7 |
---------------+----------------------+-----
Long Blades    | 4 5 6 |  6.0
Spellcasting   | 4 5 6 7 |  7.0
Fighting       | 4 |  4.7
Conjurations   | 1 2 3 |  3.0
Earth Magic    | 1 |  1.9
Stealth        | 1 |  1.9
Dodging        | 4 |  4.2

Action                   |  1- 3 |  4- 6 |  7- 9 || total
-------------------------+-------+-------+-------++-------
Melee: Long sword        |    79 |       |       ||    79
       Falchion          |    31 |    26 |     9 ||    66
 Cast: Sandblast         |    33 |    20 |    12 ||    65
       Searing Ray       |       |    22 |    12 ||    34
Evoke: Wand              |       |       |     1 ||     1
  Use: Scroll            |     1 |       |     2 ||     3
 Stab: Paralysed         |       |       |     7 ||     7
Armor: Steam dragon scal |    41 |     6 |       ||    47
       Leather armour    |       |    15 |     5 ||    20
Dodge: Dodged            |    76 |    52 |    26 ||   154
Block: Other             |       |       |     1 ||     1
